SKY
CINCINNATI REDS @ PITTSBURGH PIRATES
09/21/2052
 
TOP OF THE 1ST
Cincinnati Reds batting - Pitching for Pittsburgh Pirates : RHP Miguel Arranaga
Pitching: RHP Miguel Arranaga
Batting: LHB Lloyd Crosier 0-0: Ball
1-0: Ball
2-0: Foul Ball, location: 5F
2-1: Ball
3-1: DOUBLE (Line Drive, 78M, EV 110.0 MPH)
Pitching: LHP Flynn Yin
Batting: LHB Jude Queen 0-0: Ball
1-0: Foul Ball, location: 7LDF
1-1: Foul Ball, location: 7LDF
1-2: Foul Ball, location: 2F
1-2: Strikes out swinging
Batting: SHB D.J. Boucher 0-0: Called Strike
0-1: Foul Ball, location: 3FF
0-2: Foul Ball, location: 2RF
0-2: Ball
1-2: Ball
2-2: Strikes out looking
Batting: LHB Glen Kirkendall 0-0: Foul Ball, location: 5SF
0-1: Called Strike
0-2: Ball
1-2: Strikes out swinging
Top of the 1st over - 0 runs, 1 hit, 0 errors, 1 left on base; Cincinnati 0 - Pittsburgh 0
BOTTOM OF THE 1ST
Pittsburgh Pirates batting - Pitching for Cincinnati Reds : RHP Stu Tindall
Pitching: RHP Stu Tindall
Batting: RHB David Dudley 0-0: Ball
1-0: Called Strike
1-1: Foul Ball, location: 9LMF
1-2: Ground out 5-3 (Groundball, 56, EV 102.5 MPH)
Batting: RHB Chet Ross 0-0: Called Strike
0-1: Ball
1-1: Foul Ball, location: 3F
1-2: Strikes out looking
Batting: LHB Jim Lunsford 0-0: Called Strike
0-1: Ball
1-1: Swinging Strike
1-2: Strikes out looking
Bottom of the 1st over - 0 runs, 0 hits, 0 errors, 0 left on base; Cincinnati 0 - Pittsburgh 0
TOP OF THE 2ND
Cincinnati Reds batting - Pitching for Pittsburgh Pirates : LHP Flynn Yin
Batting: RHB Pierre Johnson 0-0: Called Strike
0-1: Ball
1-1: Foul Ball, location: 23FF
1-2: Strikes out swinging
Batting: LHB Mike Chappelle 0-0: Ball
1-0: Called Strike
1-1: Fly out, F7 (Flyball, 7D, EV 110.0 MPH)
Batting: RHB Ethan Hicks 0-0: Ground out 5-3 (Groundball, 56S, EV 87.5 MPH)
Top of the 2nd over - 0 runs, 0 hits, 0 errors, 0 left on base; Cincinnati 0 - Pittsburgh 0
BOTTOM OF THE 2ND
Pittsburgh Pirates batting - Pitching for Cincinnati Reds : RHP Stu Tindall
Batting: LHB Eric Gehman 0-0: Ball
1-0: Called Strike
1-1: Foul Ball, location: 3F
1-2: Foul Ball, location: 7LMF
1-2: Ground out 4-3 (Groundball, 4, EV 108.8 MPH)
Batting: LHB P.J. Rey 0-0: Ground out 3-1 (Groundball, 34, EV 105.0 MPH)
Batting: RHB Caleb Phillips 0-0: Swinging Strike
0-1: SINGLE (Line Drive, 78M, EV 93.1 MPH)
Batting: RHB Andy Kiser 0-0: Ball
1-0: Foul Ball, location: 9LSF
1-1: Foul Ball, location: 3F
1-2: Ball
2-2: Strikes out looking
Bottom of the 2nd over - 0 runs, 1 hit, 0 errors, 1 left on base; Cincinnati 0 - Pittsburgh 0
TOP OF THE 3RD
Cincinnati Reds batting - Pitching for Pittsburgh Pirates : LHP Flynn Yin
Batting: RHB José Maria Andres 0-0: Called Strike
0-1: Ball
1-1: Foul Ball, location: 9LMF
1-2: SOLO HOME RUN (Flyball, 89XD, EV 99.4 MPH), Distance : 389 ft
Batting: RHB Coty Cavett 0-0: Ball
1-0: Called Strike
1-1: Fly out, F4 (Popup, 4M, EV 60.0 MPH)
Batting: LHB Lloyd Crosier 0-0: Ground out 6-3 (Groundball, 6M, EV 93.8 MPH)
Batting: LHB Jude Queen 0-0: Called Strike
0-1: Ball
1-1: Foul Ball, location: 2F
1-2: Foul Ball, location: 2F
1-2: Ground out 4-3 (Groundball, 4, EV 82.5 MPH)
Top of the 3rd over - 1 run, 1 hit, 0 errors, 0 left on base; Cincinnati 1 - Pittsburgh 0
BOTTOM OF THE 3RD
Pittsburgh Pirates batting - Pitching for Cincinnati Reds : RHP Stu Tindall
Batting: RHB Uriel Roberts 0-0: Ball
1-0: Called Strike
1-1: SINGLE (Groundball, 13, EV 68.1 MPH) (infield hit)
Batting: RHB Gael Rumley 0-0: Called Strike
0-1: Ball
1-1: Sac Bunt to 5S - play at first, batter OUT! 5-3
Uriel Roberts to second
Batting: RHB David Dudley 0-0: Called Strike
0-1: SINGLE (Groundball, 56, EV 107.5 MPH)
Uriel Roberts to third
Runner from 3rd tries for Home, SAFE, throw by LF to home
Batting: RHB Chet Ross 0-0: Called Strike
David Dudley steals 2nd base
0-1: Ground out U3 (Groundball, 3, EV 83.8 MPH)
David Dudley to third
Batting: LHB Jim Lunsford 0-0: Ball
1-0: Called Strike
1-1: SINGLE (Line Drive, 78S, EV 90.0 MPH)
David Dudley scores
Batting: LHB Eric Gehman 0-0: Ball
1-0: Called Strike
1-1: Foul Ball, location: 7LDF
1-2: Foul Ball, location: 3FF
1-2: 2-RUN HOME RUN (Flyball, 89XD, EV 108.1 MPH), Distance : 431 ft
Batting: LHB P.J. Rey 0-0: Called Strike
0-1: Ball
1-1: Foul Ball, location: 2F
1-2: Ball
2-2: Fly out, F8 (Flyball, 8LD, EV 103.1 MPH)
Bottom of the 3rd over - 4 runs, 4 hits, 0 errors, 0 left on base; Cincinnati 1 - Pittsburgh 4
TOP OF THE 4TH
Cincinnati Reds batting - Pitching for Pittsburgh Pirates : LHP Flynn Yin
Batting: SHB D.J. Boucher 0-0: Ball
1-0: Foul Ball, location: 23FF
1-1: Foul Ball, location: 2RF
1-2: Foul Ball, location: 3F
1-2: Ball
2-2: Fly out, F9 (Flyball, 9S, EV 86.3 MPH)
Batting: LHB Glen Kirkendall 0-0: Ball
1-0: Foul Ball, location: 5FF
1-1: Ball
2-1: Foul Ball, location: 7LMF
2-2: Strikes out swinging
Batting: RHB Pierre Johnson 0-0: Ball
1-0: Swinging Strike
1-1: Called Strike
1-2: Strikes out swinging
Top of the 4th over - 0 runs, 0 hits, 0 errors, 0 left on base; Cincinnati 1 - Pittsburgh 4
BOTTOM OF THE 4TH
Pittsburgh Pirates batting - Pitching for Cincinnati Reds : RHP Stu Tindall
Batting: RHB Caleb Phillips 0-0: Called Strike
0-1: Ball
1-1: Ball
2-1: Fly out, F9 (Flyball, 89S, EV 88.8 MPH)
Batting: RHB Andy Kiser 0-0: Ball
1-0: Ball
2-0: Called Strike
2-1: Swinging Strike
2-2: Fly out, F7 (Flyball, 7D, EV 107.5 MPH)
Batting: RHB Uriel Roberts 0-0: Ball
1-0: Called Strike
1-1: Ground out 5-3 (Groundball, 56, EV 77.5 MPH)
Bottom of the 4th over - 0 runs, 0 hits, 0 errors, 0 left on base; Cincinnati 1 - Pittsburgh 4
TOP OF THE 5TH
Cincinnati Reds batting - Pitching for Pittsburgh Pirates : LHP Flynn Yin
Batting: LHB Mike Chappelle 0-0: Fly out, F7 (Line Drive, 7, EV 94.4 MPH)
Batting: RHB Ethan Hicks 0-0: Called Strike
0-1: Fly out, F6 (Popup, 6M, EV 73.8 MPH)
Batting: RHB José Maria Andres 0-0: Called Strike
0-1: Ball
1-1: Ball
2-1: Ball
3-1: Foul Ball, location: 2F
3-2: Fly out, F9 (Flyball, 9S, EV 76.9 MPH)
Top of the 5th over - 0 runs, 0 hits, 0 errors, 0 left on base; Cincinnati 1 - Pittsburgh 4
BOTTOM OF THE 5TH
Pittsburgh Pirates batting - Pitching for Cincinnati Reds : RHP Stu Tindall
Batting: RHB Gael Rumley 0-0: Ball
1-0: Fly out, F9 (Flyball, 9D, EV 104.4 MPH)
Batting: RHB David Dudley 0-0: SINGLE (Line Drive, 6M, EV 63.8 MPH)
Batting: RHB Chet Ross 0-0: Ball
1-0: Called Strike
1-1: Ball
2-1: Grounds into double play, 6-4-3 (Groundball, 6M, EV 88.8 MPH)
Bottom of the 5th over - 0 runs, 1 hit, 0 errors, 0 left on base; Cincinnati 1 - Pittsburgh 4
TOP OF THE 6TH
Cincinnati Reds batting - Pitching for Pittsburgh Pirates : LHP Flynn Yin
Pitching: RHP Ralph Vincent
Batting: RHB Coty Cavett 0-0: Called Strike
0-1: Foul Ball, location: 3F
0-2: Strikes out swinging
Batting: LHB Lloyd Crosier 0-0: Ball
1-0: Ball
2-0: Ball
3-0: Base on Balls
Batting: LHB Jude Queen 0-0: Ball
1-0: Swinging Strike
1-1: Ball
2-1: Ball
3-1: Foul Ball, location: 2F
3-2: Base on Balls
Lloyd Crosier to second
Batting: SHB D.J. Boucher 0-0: Called Strike
0-1: Ball
1-1: Ball
2-1: Fly out, F7 (Flyball, 7, EV 88.1 MPH)
Pitching: LHP Greg Ong
Batting: LHB Glen Kirkendall 0-0: Ball
1-0: Called Strike
1-1: Called Strike
1-2: SINGLE (Flyball, 56D, EV 92.5 MPH)
Lloyd Crosier to third
Jude Queen to second
Runner from 3rd tries for Home, SAFE, throw by LF to home
Pitching: RHP Reuben Olvera
Batting: RHB Pierre Johnson 0-0: Ball
1-0: Called Strike
1-1: Called Strike
1-2: Foul Ball, location: 2F
1-2: Strikes out looking
Top of the 6th over - 1 run, 1 hit, 0 errors, 2 left on base; Cincinnati 2 - Pittsburgh 4
BOTTOM OF THE 6TH
Pittsburgh Pirates batting - Pitching for Cincinnati Reds : RHP Stu Tindall
Batting: LHB Jim Lunsford 0-0: Called Strike
0-1: Ground out 4-3 (Groundball, 34D, EV 95.0 MPH)
Batting: LHB Eric Gehman 0-0: Ball
1-0: Ball
2-0: Ball
3-0: Called Strike
3-1: SINGLE (Line Drive, 6D, EV 108.1 MPH)
Batting: LHB P.J. Rey 0-0: Swinging Strike
0-1: Grounds into double play, 4-6-3 (Groundball, 4, EV 103.8 MPH)
Bottom of the 6th over - 0 runs, 1 hit, 0 errors, 0 left on base; Cincinnati 2 - Pittsburgh 4
TOP OF THE 7TH
Cincinnati Reds batting - Pitching for Pittsburgh Pirates : RHP Reuben Olvera
Batting: LHB Mike Chappelle 0-0: Ball
1-0: Called Strike
1-1: Ground out 4-3 (Groundball, 4, EV 93.8 MPH)
Batting: RHB Ethan Hicks 0-0: Ball
1-0: Called Strike
1-1: Foul Ball, location: 2F
1-2: Ball
2-2: Ball
3-2: Strikes out swinging
Batting: RHB José Maria Andres 0-0: Ball
1-0: Fly out, F9 (Line Drive, 9, EV 96.9 MPH)
Top of the 7th over - 0 runs, 0 hits, 0 errors, 0 left on base; Cincinnati 2 - Pittsburgh 4
BOTTOM OF THE 7TH
Pittsburgh Pirates batting - Pitching for Cincinnati Reds : RHP Stu Tindall
Batting: RHB Caleb Phillips 0-0: Ground out 6-3 (Groundball, 56, EV 103.8 MPH)
Batting: RHB Andy Kiser 0-0: DOUBLE (Flyball, 78XD, EV 105.6 MPH)
Batting: RHB Uriel Roberts 0-0: Ball
1-0: Ball
2-0: Foul Ball, location: 2F
2-1: Ball
3-1: Base on Balls
Batting: RHB Gael Rumley 0-0: Called Strike
0-1: Foul Ball, location: 9LSF
0-2: Foul Ball, location: 2F
0-2: Strikes out swinging
Batting: RHB David Dudley 0-0: Called Strike
Andy Kiser steals 3rd base
Uriel Roberts to second
0-1: Ball
1-1: Foul Ball, location: 23F
1-2: Strikes out swinging
Bottom of the 7th over - 0 runs, 1 hit, 0 errors, 2 left on base; Cincinnati 2 - Pittsburgh 4
TOP OF THE 8TH
Cincinnati Reds batting - Pitching for Pittsburgh Pirates : RHP Reuben Olvera
Batting: RHB Coty Cavett 0-0: Ball
1-0: Ball
2-0: SINGLE (Groundball, 34D, EV 97.5 MPH)
Batting: LHB Lloyd Crosier 0-0: Ball
1-0: Called Strike
1-1: Foul Ball, location: 2F
1-2: Fly out, F8 (Flyball, 78D, EV 95.6 MPH)
Batting: LHB Jude Queen 0-0: Ball
1-0: Fly out, F9 (Flyball, 9LD, EV 96.3 MPH)
Batting: SHB D.J. Boucher 0-0: Ball
1-0: Ball
2-0: Ball
3-0: Called Strike
3-1: Called Strike
3-2: Base on Balls
Coty Cavett to second
Pitching: RHP Caleb Fineman
Batting: LHB Glen Kirkendall 0-0: Called Strike
0-1: 3-RUN HOME RUN (Flyball, 89XD, EV 99.4 MPH), Distance : 398 ft
Batting: RHB Pierre Johnson 0-0: Fly out, F8 (Flyball, 8RM, EV 85.6 MPH)
Top of the 8th over - 3 runs, 2 hits, 0 errors, 0 left on base; Cincinnati 5 - Pittsburgh 4
BOTTOM OF THE 8TH
Pittsburgh Pirates batting - Pitching for Cincinnati Reds : RHP Stu Tindall
Batting: RHB Chet Ross 0-0: Foul Ball, location: 3F
0-1: Called Strike
0-2: Ball
1-2: Foul Ball, location: 9LMF
1-2: Ground out 4-3 (Groundball, 13, EV 88.1 MPH)
Pitching: RHP Max Rea
Batting: LHB Jim Lunsford 0-0: Foul Ball, location: 9LMF
0-1: Ball
1-1: Fly out, F9 (Flyball, 89S, EV 80.6 MPH)
Batting: LHB Eric Gehman 0-0: Ball
1-0: Ball
2-0: Foul Ball, location: 9LSF
2-1: Ball
3-1: Fly out, F8 (Flyball, 8RD, EV 97.5 MPH)
Bottom of the 8th over - 0 runs, 0 hits, 0 errors, 0 left on base; Cincinnati 5 - Pittsburgh 4
TOP OF THE 9TH
Cincinnati Reds batting - Pitching for Pittsburgh Pirates : RHP Caleb Fineman
Batting: LHB Mike Chappelle 0-0: Fly out, F7 (Line Drive, 78M, EV 110.0 MPH)
Pinch Hitting: LHB Vinicius Ressureio 0-0: Called Strike
0-1: Called Strike
0-2: Ball
1-2: Foul Ball, location: 5F
1-2: Ball
2-2: Fly out, F8 (Flyball, 8LD, EV 98.1 MPH)
Batting: RHB José Maria Andres 0-0: Ball
1-0: Ball
2-0: Ground out 5-3 (Groundball, 56, EV 89.4 MPH)
Top of the 9th over - 0 runs, 0 hits, 0 errors, 0 left on base; Cincinnati 5 - Pittsburgh 4
BOTTOM OF THE 9TH
Pittsburgh Pirates batting - Pitching for Cincinnati Reds : RHP Max Rea
Pitching: RHP Andrés Velasco
Now at 2B: Rey Rubio
Now at 3B: Ben Howell
Now at SS: Glen Kirkendall
Now in RF: Austin Pula
Batting: LHB P.J. Rey 0-0: Called Strike
0-1: Ball
1-1: Foul Ball, location: 2LF
1-2: Strikes out looking
Batting: RHB Caleb Phillips 0-0: Ball
1-0: SINGLE (Line Drive, 9S, EV 108.8 MPH)
Batting: RHB Andy Kiser 0-0: Ball
1-0: Ball
Wild Pitch!
Caleb Phillips to second
2-0: Ball
3-0: Called Strike
3-1: Ground out 6-3 (Groundball, 6, EV 106.3 MPH)
Pinch Hitting: LHB Domingo Andres 0-0: Swinging Strike
0-1: Swinging Strike
0-2: Hit by Pitch
Batting: RHB Gael Rumley 0-0: Swinging Strike
0-1: Called Strike
0-2: Ball
1-2: Strikes out swinging
Bottom of the 9th over - 0 runs, 1 hit, 0 errors, 2 left on base; Cincinnati 5 - Pittsburgh 4
Wednesday, May 8th , 2024 - OOTP Baseball 24.11 Build 85